[Event "WYCC 2018 G18"]
[Site "Halkidiki"]
[Date "2018.10.29"]
[Round "10"]
[White "Nguyen, Hong Ngoc"]
[Black "Hng, Mei-En Emmanuelle"]
[Result "1/2-1/2"]
[ECO "A61"]
[WhiteElo "1861"]
[BlackElo "2020"]
[Annotator "NA"]
[PlyCount "101"]
[EventDate "2018.10.20"]
[EventType "swiss"]
[EventCountry "GRE"]
[SourceTitle "playchess.com"]
[Source "ChessBase"]
[SourceQuality "1"]
[TimeControl "40/5400+30:1800+30"]

1. d4 Nf6 2. Nf3 c5 3. d5 e6 4. c4 exd5 5. cxd5 d6 6. Nc3 g6 7. e4 Bg7 8. Bd3 O-O 9. O-O Bg4 10. h3 Bxf3 11. Qxf3 Nbd7 12. Bf4 {[%emt 0:01:49] A70: Modern Benoni: 6 e4 g6 7 Nf3} (12. Qe2 a6 13. a4 Ne5 14. Bc2 Re8 15. f4 Ned7 16. Qf3 c4 17. Be3 Qa5 18. Rae1 b5 19. axb5 axb5 20. Ne2 b4 21. Bd4 {0-1 (39) Zubritskiy,A (2442)-Khalifman,A (2617) Tallinn 2016}) 12... Ne8 13. Qe2 Ne5 14. Bc2 Nc7 15. Be3 $146 ({Predecessor:} 15. Bh2 Qe7 16. Kh1 b5 17. f4 Nd7 18. Nxb5 Nxb5 19. Qxb5 Rab8 {0-1 (45) Chuc,D (1850)-Vu,P (2093) Ho Chi Minh City 2013}) 15... b5 16. Nxb5 Nxb5 17. Qxb5 Rb8 18. Qa4 Rb4 19. Qxa7 Nc4 20. Rae1 $15 (20. Bc1 $1 $14) 20... Rxb2 21. Bb3 Nxe3 22. Rxe3 Bd4 23. Rf3 Re2 24. Qa6 Rxe4 25. Bc4 Qh4 26. Bd3 Rf4 27. Rxf4 Qxf4 28. Qb5 h5 29. Qb1 Ra8 30. Qc2 Rb8 31. Rb1 Rxb1+ 32. Qxb1 Qxf2+ 33. Kh1 Qf4 34. Qf1 Qg3 35. Qf3 Qe1+ 36. Qf1 Qh4 37. a4 Be5 38. a5 Qg3 39. Kg1 Qh2+ 40. Kf2 Qg3+ 41. Kg1 Qh2+ 42. Kf2 Bd4+ 43. Ke2 Qe5+ 44. Kd1 Qe8 45. Bb5 Qe3 46. Qd3 Qg1+ 47. Qf1 Qe3 48. Qd3 Qg1+ 49. Qf1 Qe3 50. Qd3 Qg1+ 51. Qf1 1/2-1/2

[Event "WYCC 2018 G18"]
[Site "Halkidiki"]
[Date "2018.10.29"]
[Round "10"]
[White "Miller, Rachel"]
[Black "Li, Yilin"]
[Result "1-0"]
[ECO "B53"]
[WhiteElo "1859"]
[BlackElo "1993"]
[Annotator "NA RC"]
[PlyCount "145"]
[EventDate "2018.10.20"]
[EventType "swiss"]
[EventCountry "GRE"]
[SourceTitle "playchess.com"]
[Source "ChessBase"]
[SourceQuality "1"]
[TimeControl "40/5400+30:1800+30"]

1. e4 c5 2. Nf3 d6 3. d4 cxd4 4. Qxd4 a6 5. h3 Nc6 6. Qe3 g6 7. Be2 Bg7 8. O-O Nf6 9. c4 O-O $11 {LiveBook: 141 Games} 10. Nc3 Be6 11. Rb1 Qa5 12. Bd2 Qc5 13. Rfd1 h6 14. Rdc1 Rac8 15. Bf1 Qxe3 16. Bxe3 Nd7 17. Na4 Rc7 18. b3 f5 19. Nh4 f4 20. Bd2 Nde5 21. Nb6 f3 22. Nd5 Rcc8 23. Nf4 Bf7 24. Nxf3 Nxf3+ 25. gxf3 Nd4 26. Kg2 g5 27. Ne2 Bh5 28. Nxd4 Bxd4 29. Be2 g4 30. hxg4 Bxg4 31. Be3 Bxe3 32. fxe3 Bd7 33. f4 Kf7 34. Rh1 Rh8 35. Bh5+ Kf6 36. Kf3 Rcg8 37. Rhg1 Be6 38. f5 Bf7 39. Bxf7 Kxf7 40. Kf4 Kf6 41. Rxg8 Rxg8 42. Rh1 Rh8 43. Rg1 h5 44. Rg6+ Kf7 45. e5 dxe5+ 46. Kxe5 h4 47. Rg2 h3 48. Rh2 Rh4 49. a3 Kg7 50. e4 Kh6 51. f6 exf6+ 52. Kxf6 Rf4+ 53. Ke5 Rf3 54. Kd4 Kg5 55. e5 Kf5 56. b4 Ke6 57. a4 Rf4+ 58. Kc5 Rh4 59. b5 Kxe5 60. Kb6 Rxc4 61. Kxb7 axb5 62. axb5 Rh4 63. b6 Kd6 64. Ka6 Kc6 65. Rc2+ Kd7 66. b7 h2 67. b8=Q h1=Q 68. Rc7+ Ke6 69. Qb6+ Kf5 70. Rc5+ Kf4 71. Qb4+ Qe4 72. Qxe4+ Kxe4 73. Rc4+ 1-0

[Event "WYCC 2018 G18"]
[Site "Halkidiki"]
[Date "2018.10.29"]
[Round "10"]
[White "Jie, Tianhui"]
[Black "Golsta, Madara"]
[Result "1-0"]
[ECO "E91"]
[WhiteElo "1849"]
[BlackElo "1938"]
[Annotator "NA"]
[PlyCount "83"]
[EventDate "2018.10.20"]
[EventType "swiss"]
[EventCountry "GRE"]
[SourceTitle "playchess.com"]
[Source "ChessBase"]
[SourceQuality "1"]
[TimeControl "40/5400+30:1800+30"]

1. d4 Nf6 2. c4 g6 3. Nc3 Bg7 4. e4 d6 5. Nf3 O-O 6. Be2 Na6 7. O-O e5 8. Be3 Ng4 9. Bg5 f6 10. Bc1 Nh6 11. dxe5 fxe5 12. Be3 Nf7 13. Qd2 c6 14. Rad1 Nc7 15. Ng5 Ne6 16. Nxf7 Kxf7 17. c5 dxc5 18. Qxd8 Rxd8 19. Rxd8 Nxd8 20. Bxc5 Bf8 21. Be3 Ne6 22. Bc4 Kg7 23. Rd1 b5 24. Nxb5 cxb5 25. Bd5 Bb7 26. Bxb7 Rd8 27. Rxd8 Nxd8 28. Ba6 b4 29. Bxa7 Nc6 30. Be3 Kf6 31. Bc4 h6 32. Bc1 g5 33. a4 Na5 34. Bd5 Bc5 35. Kf1 Bd4 36. Ke2 Ke7 37. Bd2 Bc5 38. g3 Kf6 39. f4 gxf4 40. gxf4 h5 41. Kf3 exf4 42. Bxf4 1-0

[Event "WYCC 2018 G18"]
[Site "Halkidiki"]
[Date "2018.10.29"]
[Round "10"]
[White "Cosme Contreras, Trilce"]
[Black "Radeva, Viktoria"]
[Result "0-1"]
[ECO "A13"]
[WhiteElo "1829"]
[BlackElo "2163"]
[Annotator "NA"]
[PlyCount "104"]
[EventDate "2018.10.20"]
[EventType "swiss"]
[EventCountry "GRE"]
[SourceTitle "playchess.com"]
[Source "ChessBase"]
[SourceQuality "1"]
[TimeControl "40/5400+30:1800+30"]

1. c4 e6 2. Nc3 d5 3. e3 Nf6 4. Nf3 c6 5. b3 Bd6 6. Bb2 Nbd7 7. d4 O-O 8. Bd3 Qe7 9. O-O e5 10. dxe5 Nxe5 11. Nxe5 Qxe5 12. g3 dxc4 13. Bxc4 Bh3 14. Re1 Rad8 15. Bf1 Bxf1 16. Rxf1 Ba3 17. Qc2 Bxb2 18. Qxb2 Ne4 19. Na4 Qh5 20. Qc2 Ng5 21. Rad1 Qf3 22. h4 Ne4 23. Rxd8 Rxd8 24. Nc3 Nxc3 25. Qxc3 h6 26. Qa5 Rd7 27. Qxa7 g5 28. Qb8+ Kh7 29. hxg5 hxg5 30. Qc8 Rd6 31. Qh3+ Kg7 32. Qg2 Qxg2+ 33. Kxg2 Rd2 34. a3 Ra2 35. Rb1 Rxa3 36. Rb2 g4 37. e4 c5 38. Rc2 b6 39. Rc3 Ra2 40. Re3 Kf6 41. e5+ Kf5 42. Kf1 Rb2 43. Kg2 Ke6 44. Kf1 b5 45. Ke1 Kd5 46. Kf1 c4 47. bxc4+ bxc4 48. f4 Kd4 49. Re1 c3 50. f5 c2 51. e6 fxe6 52. fxe6 Rb1 0-1

[Event "WYCC 2018 G18"]
[Site "Halkidiki"]
[Date "2018.10.29"]
[Round "10"]
[White "Simic, Anja"]
[Black "Martos Amiguet, Valentina"]
[Result "1/2-1/2"]
[ECO "D70"]
[WhiteElo "1813"]
[BlackElo "1775"]
[Annotator "NA"]
[PlyCount "94"]
[EventDate "2018.10.20"]
[EventType "swiss"]
[EventCountry "GRE"]
[SourceTitle "playchess.com"]
[Source "ChessBase"]
[SourceQuality "1"]
[TimeControl "40/5400+30:1800+30"]

1. d4 d5 2. c4 c6 3. Nf3 Nf6 4. Nbd2 e6 5. g3 Nbd7 6. Bg2 Be7 7. O-O O-O 8. Re1 Qb6 9. a3 a5 10. b3 Rd8 11. Bb2 c5 12. Qc2 Qc7 13. e4 dxe4 14. Nxe4 Nxe4 15. Qxe4 Nf6 16. Qc2 cxd4 17. Nxd4 Bc5 18. Nb5 Qe7 19. Nc3 Qc7 20. Ne4 Nxe4 21. Rxe4 Bd7 22. Be5 Bd6 23. Bxd6 Qxd6 24. Rh4 h6 25. Bxb7 Rab8 26. Bg2 Bc6 27. c5 Qc7 28. Bxc6 Qxc6 29. Ra4 Rd5 30. Rc4 Rbd8 31. b4 Rd2 32. Qe4 R8d5 33. bxa5 f5 34. Qb1 Rxc5 35. Rxc5 Qxc5 36. Qe1 Rd6 37. Qb4 Qd5 38. a4 Ra6 39. Qb5 Rxa5 40. Qxd5 exd5 41. Kf1 Kf7 42. Ke2 Ke6 43. Kd3 Kd6 44. Kd4 g6 45. h4 Kc6 46. Ra2 Kd6 47. Ra1 Kc6 {[%emt 0:02:58] Ke4} 1/2-1/2

[Event "WYCC 2018 G18"]
[Site "Halkidiki"]
[Date "2018.10.29"]
[Round "10"]
[White "Cibikova, Sofia Anna"]
[Black "Nistor, Valentina"]
[Result "0-1"]
[ECO "B24"]
[WhiteElo "1809"]
[BlackElo "1881"]
[Annotator "NA"]
[PlyCount "60"]
[EventDate "2018.10.20"]
[EventType "swiss"]
[EventCountry "GRE"]
[SourceTitle "playchess.com"]
[Source "ChessBase"]
[SourceQuality "1"]
[TimeControl "40/5400+30:1800+30"]

1. e4 c5 2. Nc3 Nc6 3. g3 g6 4. Bg2 Bg7 5. d3 e6 6. Nge2 Nge7 7. Be3 d6 8. O-O b6 9. Qd2 O-O 10. f4 Bb7 11. g4 f5 12. gxf5 exf5 13. Rae1 Na5 14. b3 d5 15. exd5 Nxd5 16. Bxd5+ Bxd5 17. Bxc5 Nxb3 18. axb3 bxc5 19. Qe3 Rc8 20. Ra1 Re8 21. Qf2 Re7 22. Ra4 Ba8 23. h3 Qe8 24. Rc4 Re3 25. Kh2 Rf3 26. Qg1 Rxf1 27. Qxf1 Qe3 28. Nd1 Qd2 29. Nf2 Re8 30. Ng3 Re1 0-1

[Event "WYCC 2018 G18"]
[Site "Halkidiki"]
[Date "2018.10.29"]
[Round "10"]
[White "Tonso, Liina"]
[Black "Bauyrzhan, Arnash"]
[Result "0-1"]
[ECO "A29"]
[WhiteElo "1805"]
[BlackElo "2011"]
[Annotator "NA"]
[PlyCount "86"]
[EventDate "2018.10.20"]
[EventType "swiss"]
[EventCountry "GRE"]
[SourceTitle "playchess.com"]
[Source "ChessBase"]
[SourceQuality "1"]
[TimeControl "40/5400+30:1800+30"]

1. c4 e5 2. Nc3 Nf6 3. Nf3 Nc6 4. g3 d5 5. cxd5 Nxd5 6. Bg2 Nb6 7. O-O Be7 8. d3 O-O 9. a4 Be6 10. a5 Nd5 11. d4 exd4 12. Nxd4 Nxd4 $11 13. Nxd5 Bxd5 14. Qxd4 Bxg2 15. Qxd8 Rfxd8 16. Kxg2 Bf6 17. Rb1 Rd5 18. b4 Re8 19. Be3 a6 20. Rfc1 c6 21. Rd1 Red8 22. Rxd5 Rxd5 23. Bc5 g6 24. g4 Kg7 25. h3 Be5 26. Rb3 Rd2 27. Kf3 Kf6 28. Rd3 Rxd3+ 29. exd3 Ke6 30. Ke4 f5+ 31. gxf5+ gxf5+ 32. Ke3 Kd5 33. Bf8 Bb8 34. Bc5 Bc7 35. Kf3 Bxa5 36. Kf4 Bd8 37. Kxf5 a5 38. f4 a4 39. Be3 a3 40. Bc1 a2 41. Bb2 Bb6 42. Kf6 Bd4+ 43. Bxd4 Kxd4 0-1

[Event "WYCC 2018 G18"]
[Site "Halkidiki"]
[Date "2018.10.29"]
[Round "10"]
[White "Abeysinghe, H M H Janandani"]
[Black "Nass, Sara"]
[Result "1-0"]
[ECO "B14"]
[WhiteElo "1698"]
[BlackElo "1986"]
[Annotator "NA"]
[PlyCount "49"]
[EventDate "2018.10.20"]
[EventType "swiss"]
[EventCountry "GRE"]
[SourceTitle "playchess.com"]
[Source "ChessBase"]
[SourceQuality "1"]
[TimeControl "40/5400+30:1800+30"]

1. e4 c6 2. d4 d5 3. exd5 cxd5 4. c4 Nf6 5. Nc3 e6 6. c5 Nc6 7. Bb5 Bd7 8. Bf4 Be7 9. Nf3 O-O 10. O-O Ne4 11. Bxc6 Nxc3 12. Qc2 Bxc6 13. Qxc3 Bb5 14. Rfe1 a5 15. a3 a4 16. b4 axb3 17. Qxb3 Qa5 18. Reb1 Bc6 19. Ne5 Bf6 20. Nf3 Qa4 21. Qd3 Ra5 22. Qc3 Rfa8 23. Rb4 Qxa3 24. Rxa3 Rxa3 25. Qc1 1-0

[Event "WYCC 2018 G18"]
[Site "Halkidiki"]
[Date "2018.10.29"]
[Round "10"]
[White "Yu, Cindy"]
[Black "Hunt, Fikirte"]
[Result "0-1"]
[ECO "B90"]
[WhiteElo "1532"]
[BlackElo "1827"]
[Annotator "NA"]
[PlyCount "74"]
[EventDate "2018.10.20"]
[EventType "swiss"]
[EventCountry "GRE"]
[SourceTitle "playchess.com"]
[Source "ChessBase"]
[SourceQuality "1"]
[TimeControl "40/5400+30:1800+30"]

1. e4 c5 2. Nf3 d6 3. d4 cxd4 4. Nxd4 Nf6 5. Nc3 a6 6. h3 e5 7. Nde2 Be6 8. g4 h6 9. Bg2 Be7 10. Ng3 Nbd7 11. g5 hxg5 12. Bxg5 Qb6 13. Rb1 Rc8 14. f4 Ng4 15. hxg4 Rxh1+ 16. Bxh1 Qg1+ 17. Nf1 Qxh1 18. Bxe7 Kxe7 19. fxe5 Qh4+ 20. Kd2 Nxe5 21. Ne3 Nc4+ 22. Nxc4 Rxc4 23. Qg1 Qg5+ 24. Ke1 Bxg4 25. Qf2 Be6 26. Rd1 Qe5 27. Kd2 Rd4+ 28. Kc1 Rxd1+ 29. Kxd1 g5 30. a3 g4 31. Qg2 Qd4+ 32. Kc1 Qe3+ 33. Kd1 g3 34. Nd5+ Bxd5 35. exd5 f5 36. Qe2 f4 37. Qxe3+ fxe3 0-1

[Event "WYCC 2018 G18"]
[Site "Halkidiki"]
[Date "2018.10.30"]
[Round "11"]
[White "Avramidou, Anastasia"]
[Black "Gajcin, Marina"]
[Result "1/2-1/2"]
[ECO "A08"]
[WhiteElo "2285"]
[BlackElo "2153"]
[Annotator "NA"]
[PlyCount "77"]
[EventDate "2018.10.20"]
[EventType "swiss"]
[EventCountry "GRE"]
[SourceTitle "playchess.com"]
[Source "ChessBase"]
[SourceQuality "1"]
[TimeControl "40/5400+30:1800+30"]

1. d3 g6 2. Nf3 Bg7 3. g3 d5 4. Bg2 Nf6 5. O-O O-O 6. Nbd2 c5 7. e4 Nc6 8. Qe2 {[%emt 0:03:49] A08: King's Indian Attack} Bg4 9. c3 dxe4 10. dxe4 Qc8 11. Re1 Rd8 $146 ({Predecessor:} 11... Rb8 12. Qf1 b5 13. h3 Bxf3 14. Nxf3 e5 15. Nh2 Qc7 {1-0 (41) Epishin,V (2577)-Nowik,V (2171) Neustadt an der Weinstrasse 2008}) 12. Nc4 Nd7 13. Ne3 Bxf3 14. Bxf3 Nde5 15. Bg2 b5 16. Nd5 c4 17. a4 b4 18. Bg5 f6 19. Be3 b3 20. Red1 Nd3 21. e5 Ndxe5 22. Bd4 Re8 23. Nf4 Rb8 24. Bh3 f5 25. Bg2 e6 26. Bxc6 Nxc6 27. Bxg7 Kxg7 28. Qxc4 Kf7 29. Nd3 Kg8 30. a5 a6 31. Ra3 Rb5 32. Rxb3 Nxa5 33. Qxc8 Rxc8 34. Rxb5 axb5 35. Re1 Kf7 36. Re5 Rb8 37. Rc5 Rb7 38. Kf1 Ke7 39. Ke2 $11 1/2-1/2

[Event "WYCC 2018 G18"]
[Site "Halkidiki"]
[Date "2018.10.30"]
[Round "11"]
[White "Sliwicka, Alicja"]
[Black "Radeva, Viktoria"]
[Result "1-0"]
[ECO "B40"]
[WhiteElo "2264"]
[BlackElo "2163"]
[Annotator "NA"]
[PlyCount "103"]
[EventDate "2018.10.20"]
[EventType "swiss"]
[EventCountry "GRE"]
[SourceTitle "playchess.com"]
[Source "ChessBase"]
[SourceQuality "1"]
[TimeControl "40/5400+30:1800+30"]

1. e4 c5 2. Nf3 e6 3. c4 Nc6 4. Nc3 e5 5. d3 d6 6. Be2 Be7 {[%emt 0:01:22] B40: Sicilian: 2...e6, Unusual lines} 7. O-O Nf6 8. a3 O-O 9. Rb1 Bg4 $146 10. Ne1 Bxe2 11. Nxe2 Ne8 12. b4 b6 13. Nc2 Nc7 14. Nc3 Bg5 15. Be3 Ne6 16. Nd5 Ncd4 17. Bxd4 cxd4 18. Qe2 g6 19. g3 h5 20. Kh1 h4 21. f4 Bh6 22. f5 hxg3 23. Qg4 g2+ 24. Qxg2 Ng7 25. fxg6 Qg5 26. Nf6+ Kh8 27. Qxg5 Bxg5 28. Nh7 Bf4 29. Nxf8 Rxf8 30. Nxd4 fxg6 31. Ne2 g5 32. Nxf4 gxf4 33. Rf3 Kg8 $18 34. Rg1 Kf7 35. Rh3 Ne6 36. Rh7+ Kf6 37. Rh6+ Ke7 38. Rgg6 Nd4 39. Rg7+ Rf7 40. Rxf7+ Kxf7 41. Kg2 Ne6 42. Rh7+ Ng7 43. Rh8 Ne8 44. h4 a5 45. h5 Nf6 46. Rb8 axb4 47. axb4 Nxh5 48. Rxb6 Ke7 49. Rb7+ Ke6 50. b5 Nf6 51. c5 dxc5 52. Rb6+ {[%emt 0:00:17] Kd5} 1-0

[Event "WYCC 2018 G18"]
[Site "Halkidiki"]
[Date "2018.10.30"]
[Round "11"]
[White "Injac, Teodora"]
[Black "Arpita, Mukherjee"]
[Result "1/2-1/2"]
[ECO "A48"]
[WhiteElo "2258"]
[BlackElo "2147"]
[Annotator "ChessBase"]
[PlyCount "141"]
[EventDate "2018.10.20"]
[EventType "swiss"]
[EventCountry "GRE"]
[SourceTitle "playchess.com"]
[Source "ChessBase"]
[SourceQuality "1"]
[TimeControl "40/5400+30:1800+30"]

1. d4 Nf6 2. Nf3 g6 3. Nbd2 d5 4. b4 Bg7 5. Bb2 a5 6. b5 c5 7. dxc5 Nbd7 8. c6 bxc6 9. bxc6 Nc5 10. e3 O-O 11. a4 Ba6 12. Bb5 Ne8 13. Bxg7 Kxg7 14. Nb1 Qd6 15. O-O Nc7 16. Na3 Rfb8 17. Qd4+ f6 18. Rfb1 e5 19. Qd2 Ne4 20. Qe1 f5 21. c4 d4 22. exd4 exd4 23. Rd1 Ne6 24. Bxa6 Rxa6 25. Nb5 Qxc6 26. Nfxd4 Qxc4 27. Nxe6+ Rxe6 28. Qxa5 Re7 29. Rdc1 Qe2 30. Qe1 Qxe1+ 31. Rxe1 Reb7 32. Rec1 Ra8 33. f3 Nd2 34. Rc7+ Rxc7 35. Nxc7 Ra5 36. Nb5 Nb3 37. Ra2 Nc5 38. Nc3 Kf6 39. Rb2 Ra6 40. Rb4 Ke5 41. Rc4 Ra5 42. f4+ Kd6 43. Kf2 Ra8 44. Kf3 Kc6 45. h3 Kd6 46. g4 fxg4+ 47. hxg4 Ne6 48. g5 Rf8 49. Kg4 Rf5 50. Rb4 Kc6 51. Ne2 Rd5 52. Rb8 Rd2 53. Kf3 Rd3+ 54. Kf2 Ra3 55. Ra8 Nc5 56. Rh8 Nd3+ 57. Ke3 Nc1+ 58. Kd2 Nxe2 59. Kxe2 Rxa4 60. Ke3 Ra7 61. Rd8 Re7+ 62. Kd4 Kc7 63. Ra8 Kb7 64. Rf8 Kc6 65. Rf6+ Kc7 66. Kd5 Kd7 67. Rf8 Re1 68. Ra8 Re7 69. Rb8 Kc7 70. Rh8 Kd7 71. Rf8 1/2-1/2

[Event "WYCC 2018 G18"]
[Site "Halkidiki"]
[Date "2018.10.30"]
[Round "11"]
[White "Antolak, Julia"]
[Black "Tejaswini, Sagar"]
[Result "0-1"]
[ECO "C95"]
[WhiteElo "2240"]
[BlackElo "2139"]
[Annotator "NA"]
[PlyCount "132"]
[EventDate "2018.10.20"]
[EventType "swiss"]
[EventCountry "GRE"]
[SourceTitle "playchess.com"]
[Source "ChessBase"]
[SourceQuality "1"]
[TimeControl "40/5400+30:1800+30"]

1. e4 e5 2. Nf3 Nc6 3. Bb5 a6 4. Ba4 Nf6 5. O-O Be7 6. Re1 b5 7. Bb3 d6 8. c3 O-O 9. h3 Nb8 10. d4 Nbd7 11. c4 c6 12. a3 bxc4 {[%emt 0:00:15] C95: Closed Ruy Lopez: Breyer Variation with 10 d4} (12... Bb7 13. Nc3 Re8 14. dxe5 Nxe5 15. Nxe5 dxe5 16. Be3 Qxd1 17. Rexd1 Kf8 18. f3 Red8 19. Kf1 Ke8 20. Rac1 Rxd1+ 21. Nxd1 {1-0 (48) Lu,S (2640)-Zhao,J (2601) China 2018}) 13. Bxc4 Nxe4 14. dxe5 d5 15. Bd3 Ndc5 16. Bc2 a5 17. Nbd2 $146 ({Predecessor:} 17. Nd4 Qc7 18. f3 Ng5 19. Nc3 Rb8 20. Rb1 {½-½ (44) Kremenietsky,A-Baikov,V Soviet Union 1974}) 17... f5 18. exf6 Nxf6 19. Nd4 Bd7 20. N2f3 Nce4 21. Ne5 Bc5 22. Be3 Qc7 23. Nxd7 Qxd7 24. Rc1 Bxd4 25. Bxd4 Rac8 26. Ba4 Qb7 27. b4 axb4 28. axb4 Qxb4 29. Bxc6 Qd6 30. Qa4 Nh5 31. Qb5 Nf4 32. Be3 Kh8 33. Bxf4 Qxf4 34. Qxd5 Qxf2+ 35. Kh2 Qg3+ 36. Kg1 Nf2 37. Qh5 Nd3 38. Be4 g6 39. Bxg6 Qxg6 40. Qxg6 hxg6 41. Rxc8 Rxc8 42. Re2 Kg7 43. Rd2 Rc3 44. Kh2 Kf6 45. Ra2 Kf5 46. Ra5+ Ne5 47. Ra2 Nd3 48. Ra5+ Rc5 49. Ra2 Re5 50. Ra3 Nf4 51. Kg3 Rd5 52. Kf2 g5 53. Ra2 Rc5 54. Kg3 Rc3+ 55. Kh2 Re3 56. Ra5+ {[%emt 0:05:16] [#]} Re5 $1 57. Ra2 Re2 58. Rxe2 Nxe2 59. g3 Nd4 60. Kg2 Ke4 61. Kf2 Nf5 62. g4 Nh4 (62... Ne7 $19 63. Ke2 Ng6) 63. Ke2 Kf4 64. Kf2 Ng6 65. Kg2 Ke3 66. Kg3 Nh4 0-1

[Event "WYCC 2018 G18"]
[Site "Halkidiki"]
[Date "2018.10.30"]
[Round "11"]
[White "Represa Perez, Mireya"]
[Black "Nguyen, Hong Ngoc"]
[Result "1-0"]
[ECO "C03"]
[WhiteElo "2151"]
[BlackElo "1861"]
[Annotator "NA"]
[PlyCount "83"]
[EventDate "2018.10.20"]
[EventType "swiss"]
[EventCountry "GRE"]
[SourceTitle "playchess.com"]
[Source "ChessBase"]
[SourceQuality "1"]
[TimeControl "40/5400+30:1800+30"]

1. e4 e6 2. d4 d5 3. Nd2 dxe4 4. Nxe4 Nf6 5. Bd3 Nbd7 6. Nf3 Be7 7. Qe2 c6 {[%emt 0:02:44] C10: French with 3 Nc3: Unusual Black 3rd moves and 3...dxe4} (7... c5 8. Nxc5 Nxc5 9. dxc5 Qa5+ 10. Bd2 Qxc5 11. Ne5 O-O 12. O-O-O Rd8 13. a3 Qc7 14. Bg5 Rd5 15. f4 h6 16. h4 Bd7 17. g4 {½-½ (77) Macieja,B (2529)-Cordova,E (2645) Leon 2017}) 8. O-O Qc7 9. Re1 h6 10. Ng3 b6 $146 ({Predecessor:} 10... O-O 11. h3 Re8 12. Be3 Bd6 13. Nf1 Nd5 14. Qd2 Nxe3 15. fxe3 {½-½ (33) Pardinas Riano,E (1838)-Navas Marin,F Madrid 2009}) 11. Nf5 Bf8 12. g3 Nh5 13. d5 cxd5 14. N3d4 Ndf6 15. g4 Nf4 16. Bb5+ Bd7 17. Bxd7+ Kxd7 18. Qb5+ Kc8 19. Qa6+ $1 Kd7 20. Qa4+ Kc8 21. Nb5 Nh3+ 22. Kg2 Qd7 23. Qa6+ Kd8 24. Kxh3 exf5 25. Bf4 Ne4 $18 (25... Qc8 $11 26. Qa4 fxg4+ 27. Kg2 Qc6) 26. Kg2 fxg4 27. Bc7+ Ke7 28. Qb7 Re8 29. Rad1 Kf6 30. Rxd5 Qe6 31. Re5 Qd7 32. Qxe4 Rxe5 33. Bxe5+ Kg5 34. Nd4 f5 35. Bf4+ Kg6 36. Qe6+ Qxe6 37. Rxe6+ Kf7 38. Rc6 g6 39. Be5 Rg8 40. Rc7+ Ke8 41. Rxa7 h5 42. Ne6 1-0

[Event "WYCC 2018 G18"]
[Site "Halkidiki"]
[Date "2018.10.30"]
[Round "11"]
[White "Rozman, Monika"]
[Black "Jie, Tianhui"]
[Result "1/2-1/2"]
[ECO "C50"]
[WhiteElo "2141"]
[BlackElo "1849"]
[Annotator "NA"]
[PlyCount "85"]
[EventDate "2018.10.20"]
[EventType "swiss"]
[EventCountry "GRE"]
[SourceTitle "playchess.com"]
[Source "ChessBase"]
[SourceQuality "1"]
[TimeControl "40/5400+30:1800+30"]

1. e4 e5 2. Nf3 Nc6 3. Bc4 Be7 4. d3 Nf6 5. O-O O-O 6. Re1 d6 7. c3 Na5 8. Bb5 a6 9. Ba4 b5 10. Bc2 c5 11. Nbd2 Re8 12. Nf1 Be6 13. h3 h6 14. Ng3 Nc6 15. Be3 {[%emt 0:05:43] C90: Closed Ruy Lopez with 7...d6: Early deviations} (15. Nh2 Bf8 16. Qf3 d5 17. Ng4 Nxg4 18. hxg4 d4 19. Nf5 Rc8 20. Bd2 c4 21. Rad1 dxc3 22. bxc3 cxd3 23. Bxd3 {1-0 (37) Vachier Lagrave,M (2789)-Fressinet,L (2662) Riadh 2017}) 15... d5 16. d4 {[%emt 0:00:53] [#]} dxe4 $146 ({Predecessor:} 16... exd4 17. cxd4 dxe4 18. Nxe4 c4 19. Ne5 Nb4 20. Bb1 Nxe4 21. Bxe4 Rc8 22. Qh5 Nd5 {0-1 (66) Abrahamyan,T (2333)-Friedel,J (2547) Saint Louis 2017}) 17. Nxe5 Qc7 18. Nxc6 Qxc6 19. dxc5 Rad8 20. Qb1 Bxc5 21. Nxe4 Be7 22. Nxf6+ Bxf6 23. Bb3 Bg5 24. Bxg5 hxg5 25. Bxe6 Rxe6 26. Qc2 Rde8 $16 27. Qd2 Qc4 28. Rxe6 Rxe6 29. b3 Qe2 30. Rd1 g4 31. Qxe2 Rxe2 32. a4 Rc2 33. Rd3 gxh3 34. axb5 Rc1+ 35. Kh2 hxg2 36. Kxg2 axb5 37. Kf3 Rc2 38. Ke3 Kf8 39. f3 Ke7 40. Ke4 Ke6 41. Re3 Rb2 42. Kd4+ Kd6 43. c4 1/2-1/2

[Event "WYCC 2018 G18"]
[Site "Halkidiki"]
[Date "2018.10.30"]
[Round "11"]
[White "Egyed, Judit"]
[Black "Sevilla, Julia"]
[Result "1-0"]
[ECO "B53"]
[WhiteElo "2089"]
[BlackElo "1947"]
[Annotator "NA"]
[PlyCount "79"]
[EventDate "2018.10.20"]
[EventType "swiss"]
[EventCountry "GRE"]
[SourceTitle "playchess.com"]
[Source "ChessBase"]
[SourceQuality "1"]
[TimeControl "40/5400+30:1800+30"]

1. e4 c5 2. Nf3 d6 3. d4 cxd4 4. Qxd4 Nc6 5. Bb5 Bd7 {LiveBook: 2327 Games} 6. Bxc6 Bxc6 7. Nc3 e5 8. Qd3 h6 9. Nd2 {B53: Sicilian: 2...d6: Lines with Qxd4} Nf6 10. Nc4 Be7 11. Ne3 O-O 12. O-O Rc8 (12... Re8 13. a4 a6 14. a5 b5 15. axb6 Qxb6 16. Ncd5 Nxd5 17. Nxd5 Bxd5 18. Qxd5 {½-½ (18) Zvjaginsev,V (2643)-Navara,D (2708) Rijeka 2010}) 13. Nf5 Rc7 $146 ({Predecessor:} 13... Kh7 14. Rd1 Re8 15. Be3 Qa5 16. Qd2 b6 {0-1 (39) Yandemirov,V (2420)-Mochalov,E (2440) Azov 1991}) 14. Bxh6 gxh6 15. Qg3+ Ng4 16. Qxg4+ Bg5 17. h4 f6 18. Nxh6+ Kh8 19. hxg5 fxg5 20. g3 Rh7 21. Nf5 Qf6 22. f3 d5 23. Kg2 d4 24. Ne2 Bb5 25. Rae1 Rc8 26. Rh1 $18 Rxc2 27. Rxh7+ Kxh7 28. Rh1+ Kg8 29. Rh5 Rxe2+ 30. Kh3 Bd7 31. Rxg5+ Kf8 32. Rg8+ Kf7 33. Rg7+ Ke8 34. Qh5+ Kd8 35. Qh8+ Be8 36. Rd7+ Kxd7 37. Qxf6 b6 38. Qe7+ Kc6 39. Qxe8+ Kc7 40. Qxe5+ 1-0

[Event "WYCC 2018 G18"]
[Site "Halkidiki"]
[Date "2018.10.30"]
[Round "11"]
[White "Janiashvili, Mariami"]
[Black "Tarini Goyal"]
[Result "0-1"]
[ECO "E12"]
[WhiteElo "2081"]
[BlackElo "2026"]
[Annotator "NA"]
[PlyCount "150"]
[EventDate "2018.10.20"]
[EventType "swiss"]
[EventCountry "GRE"]
[SourceTitle "playchess.com"]
[Source "ChessBase"]
[SourceQuality "1"]
[TimeControl "40/5400+30:1800+30"]

1. d4 Nf6 2. c4 e6 3. Nf3 b6 4. a3 Bb7 5. Nc3 d5 6. cxd5 Nxd5 7. e3 g6 8. Bd3 {[%emt 0:03:47] E12: Queen's Indian: Unusual White 4th moves, 4 a3, 4 Nc3 Bb7 5 a3 and 4 Nc3 Bb7} (8. h4 Bg7 9. h5 Nd7 10. Bd3 Nxc3 11. bxc3 e5 12. e4 Qe7 13. h6 Bf6 14. O-O O-O 15. Re1 Rfd8 16. Be3 {1-0 (40) Li,C (2720)-Tomashevsky,E (2711) Sharjah 2017 CBM 177 [Stohl,I]}) 8... Bg7 9. O-O O-O 10. Na4 Nd7 11. Re1 $146 ({Predecessor:} 11. e4 N5f6 12. Qe2 h6 13. Rd1 c5 14. dxc5 bxc5 15. Bb5 Qc7 {0-1 (50) Jegorovas,A (2235)-Mironov,I (2325) Suwalki 2000}) 11... c5 12. e4 Ne7 13. dxc5 Nxc5 14. Nxc5 bxc5 15. Qc2 Nc6 16. Bg5 Nd4 17. Nxd4 Qxg5 18. Nf3 Qe7 19. Rac1 Rac8 20. Qe2 Rfd8 21. Red1 Rd7 22. Bb5 Rxd1+ 23. Rxd1 Rd8 24. Rc1 Qd6 25. h3 Qb6 26. Bc4 Bc6 27. b3 Bh6 28. Re1 Bg7 29. Rc1 Qb7 30. Re1 Bc3 31. Rc1 Bd4 32. Re1 a5 33. Qc2 Qa8 34. h4 a4 35. b4 cxb4 36. axb4 Bg7 37. h5 a3 38. hxg6 hxg6 39. Qa2 Bxe4 40. Bxe6 Bd5 41. Bxd5 Rxd5 42. b5 Rxb5 43. Re7 Qf8 44. Qxa3 Rb1+ 45. Kh2 Qb8+ 46. g3 Bf8 47. Qe3 Bxe7 48. Qxe7 Qa8 49. Qe3 Ra1 50. Qf4 Rf1 51. Kg2 Ra1 52. Kh2 Ra4 53. Qf6 Ra6 54. Qf4 Ra5 55. Ng5 Rf5 56. Qe3 Qd8 57. Nf3 Qf6 58. Kg2 Qc6 59. Qd3 Rf6 60. g4 (60. Qe3 $142) 60... Qd6 61. Qxd6 Rxd6 62. Ne5 g5 63. Kf3 Rd4 64. Kg3 Kg7 65. Nf3 Rd3 66. Kg2 f6 67. Ne1 Rd1 68. Nc2 Kf7 69. Ne3 Rd4 70. Kg3 Ra4 71. Nf5 Ke6 72. Ne3 Ke5 73. Nf5 Ke4 74. Nd6+ Kd3 75. Nf5 $19 Ke2 0-1